 Dungeon Crawl Stone Soup version 0.16-a0-3325-g64f94fb (webtiles) character file.

5915 Fiveotanaka the Destroyer (level 10, 0/69 HPs)
             Began as a Mottled Draconian Air Elementalist on Dec 27, 2014.
             Slain by a wolf (8 damage)
             ... on level 9 of the Dungeon.
             The game lasted 00:48:32 (13190 turns).

Fiveotanaka the Destroyer (DrAE)                   Turns: 13190, Time: 00:48:33

Health: 0/69       AC:  8    Str: 10    XL:     10   Next: 53%
Magic:  1/20       EV: 12    Int: 18    God:
Gold:   369        SH:  0    Dex: 13    Spells: 4 memorised, 5 levels left

rFire  . . .     SeeInvis +     O - +11 flail "Penima" {pain, +Fly rPois Stlth+}
rCold  + . .     Clarity  .     (armour unavailable)
rNeg   . . .     SustAb   .     (no shield)
rPois  +         Gourm    .     (helmet restricted)
rElec  .         Spirit   .     I - +0 cloak
rCorr  .         Warding  .     (no gloves)
rMut   .         Stasis   .     (no boots)
MR     +....                    (no amulet)
Stlth  +++.......               r - ring of protection from cold
                                h - ring of protection from magic

@: short of breath, somewhat resistant to hostile enchantments, fairly stealthy
A: breathe sticky flames, unfitting armour, see invisible, screaming 1, spit
poison 1, cold-blooded, AC +7
a: Spit Poison, Breathe Sticky Flame, Evoke Flight


You were on level 9 of the Dungeon.
You were hungry.

You visited 2 branches of the dungeon, and saw 10 of its levels.
You also visited: Sewer.

You collected 632 gold pieces.
You spent 263 gold pieces at shops.

Inventory:

Hand weapons
 G - a +0 short sword of flaming
 M - a +3 short sword
 O - the +11 flail "Penima" (weapon) {pain, +Fly rPois Stlth+}
   (You bought it in a shop on level 9 of the Dungeon)

   In the hands of one skilled in necromantic magic, it inflicts extra damage on
   living creatures.
   It protects you from poison.
   It lets you fly.
   It makes you more stealthy.
Missiles
 e - 516 stones (quivered)
 j - 82 poisoned needles
 F - 3 throwing nets
Armour
 I - a +0 cloak (worn)
Jewellery
 h - a ring of protection from magic (left hand)
 m - an uncursed ring of invisibility
 p - a +3 ring of strength
 r - a ring of protection from cold (right hand)
 y - an uncursed ring of fire
Magical devices
 i - a wand of slowing (27)
 u - a wand of digging (14)
 B - a wand of slowing (26)
 N - a wand of invisibility (5)
Scrolls
 f - 2 scrolls of fear
 x - 2 scrolls of amnesia
 A - 2 scrolls of teleportation
 C - a scroll of enchant weapon {unknown}
 J - 2 scrolls of blinking
 K - a scroll of torment {unknown}
 P - a scroll of fog {unknown}
 Q - a scroll of remove curse
Potions
 a - a potion of haste {unknown}
 d - a potion of degeneration {unknown}
 g - a potion of invisibility {unknown}
 l - a potion of might {unknown}
 o - a potion of cancellation {unknown}
 q - 2 potions of lignification {unknown}
 s - a potion of heal wounds
 t - 2 potions of magic {unknown}
 v - a potion of berserk rage {unknown}
 z - 3 potions of curing
 D - 2 potions of ambrosia {unknown}
 E - 3 potions of flight
Books
 b - a book of Air

   Spells                             Type                      Level
   a - Shock                          Conjuration/Air              1
   b - Swiftness                      Charms/Air                   2
   c - Repel Missiles                 Charms/Air                   2
   d - Flight                         Charms/Air                   3
   e - Static Discharge               Conjuration/Air              3
   f - Lightning Bolt                 Conjuration/Air              5
 n - a book of Geomancy

   Spells                             Type                      Level
   a - Sandblast                      Earth                        1
   b - Stoneskin                      Transmutation/Earth          2
   c - Passwall                       Transmutation/Earth          3
   d - Stone Arrow                    Conjuration/Earth            3
   e - Petrify                        Transmutation/Earth          4
   f - Lee's Rapid Deconstruction     Earth                        5
 H - a book of Enchantments

   Spells                             Type                      Level
   a - Tukima's Dance                 Hexes                        3
   b - Cause Fear                     Hexes                        4
   c - Silence                        Hexes/Air                    5
   d - Deflect Missiles               Charms/Air                   6
   e - Haste                          Charms                       6
   f - Discord                        Hexes                        8
Comestibles
 c - 6 bread rations
 k - 7 meat rations
 w - 2 beef jerkies
 L - 7 slices of pizza


   Skills:
 - Level 1.7 Dodging
 - Level 1.7 Stealth
 + Level 3.8 Spellcasting
 - Level 11.1 Conjurations
 - Level 11.0 Air Magic


You had 5 spell levels left.
You knew the following spells:

 Your Spells              Type           Power        Failure   Level  Hunger
a - Shock                 Conj/Air       ####         1%          1    None
b - Repel Missiles        Chrm/Air       ###...       1%          2    ##.....
c - Static Discharge      Conj/Air       #####...     1%          3    ###....
d - Lightning Bolt        Conj/Air       #####.....   4%          5    ######.


Dungeon Overview and Level Annotations

Branches:
Dungeon (9/15)             Temple (1/1) D:4
   Lair: D:8-11         Orc: D:9-12

Altars:
Ashenzari
Cheibriados
Dithmenos
Elyvilon
Fedhas
Gozag
Kikubaaqudgha
Makhleb
Nemelex Xobeh
Okawaru
Qazlal
Ru
Sif Muna
Trog
Xom
Yredelemnul

Shops:
D:6 *   D:9 (%

Annotations:
D:4 aori's ghost, average HEWz


Innate Abilities, Weirdness & Mutations

You can spit globs of burning liquid.
You can ignite nearby creatures when you spit burning liquid.
Your weird mottled scales are hard (AC +7).
Your body does not fit into most forms of armour.
Your cold-blooded metabolism reacts poorly to cold.
You have supernaturally acute eyesight.
You occasionally shout uncontrollably at your foes.
You can spit poison.


Message History

* * * LOW HITPOINT WARNING * * *
The hound barely misses you. x2
The wolf barely misses you. The hound barely misses you.
You barely miss the wolf.
The wolf is almost dead.
The wolf bites you.
* * * LOW HITPOINT WARNING * * *
The hound bites you.
* * * LOW HITPOINT WARNING * * *
The hound misses you. The wolf bites you but does no damage.
The hound bites you but does no damage. The hound bites you.
* * * LOW HITPOINT WARNING * * *
The wolf misses you.
You barely miss the wolf.
The wolf is almost dead.
The hound closely misses you. The hound misses you. The wolf bites you.
* * * LOW HITPOINT WARNING * * *
The hound completely misses you. The hound closely misses you.
The wolf bites you!
You die...

#..#######.........
#..# #..#...#. #..#
#........
#..#######..#...#.
#................
#...........####
#............#
#............#
#......h@†...#
#......ghh.......
#...............
#..........≈)..≈
#.........≈≈.≈.≈
..####.≈≈≈≈.≈. .
#..≈≈≈≈≈ #..≈≈≈≈
#...


You could see a wolf, 2 hounds and a hobgoblin.

Vanquished Creatures
  A troll (D:9)
  Grinder (D:5)
  A hog (D:7)
  A human (D:7)
  A hippogriff (D:8)
  2 water moccasins (D:8)
  2 wolves (D:9)
  Purgy (Sewer)
  4 sky beasts
  2 ice beasts (D:8)
  8 ogres
  An orc warrior (D:8)
  A black bear (D:6)
  A necrophage (D:8)
  Duvessa (D:8)
  4 centaurs
  2 big kobolds
  2 giant frogs
  A gnoll sergeant (D:8)
  A wyvern zombie (D:8)
  A water moccasin skeleton (D:8)
  3 scorpions
  3 killer bees (D:9)
  9 wights (D:8)
  2 goliath beetles
  Dowan (D:8)
  A quasit (D:7)
  5 crimson imps
  A giant frog zombie (D:7)
  An orc priest (D:4)
  2 jellies
  A centaur skeleton (D:7)
  3 hounds
  An iguana (D:4)
  2 giant frog skeletons
  A hell rat (D:7)
  8 worker ants
  8 orc wizards
  A killer bee zombie (D:9)
  3 sheep (D:7)
  11 gnolls
  10 adders
  A giant mite (D:7)
  6 river rats (D:7)
  4 shadow imps
  A worm (D:3)
  2 adder skeletons (D:5)
  10 giant geckos
  2 oozes
  28 orcs
  A ball python (D:7)
  10 bats
  16 hobgoblins
  9 quokkas
  9 giant cockroaches
  A giant gecko skeleton (D:4)
  A giant gecko zombie (D:8)
  7 giant newts
  2 giant spores (D:6)
  17 goblins
  2 jackal skeletons
  A jackal zombie (D:7)
  22 kobolds
  A quokka zombie (D:9)
  28 rats
  A spectral orc (D:3)
  3 ballistomycetes (D:6)
301 creatures vanquished.

Notes
Turn   | Place    | Note
--------------------------------------------------------------
     0 | D:1      | Fiveotanaka, the Draconian Air Elementalist, began the quest for the Orb.
     0 | D:1      | Reached XP level 1. HP: 14/14 MP: 3/3
   160 | D:1      | Reached XP level 2. HP: 15/20 MP: 0/4
   897 | D:1      | Reached skill level 4 in Air Magic
  1300 | D:2      | Reached XP level 3. HP: 26/26 MP: 3/6
  1561 | D:2      | Learned a level 2 spell: Repel Missiles
  1566 | D:2      | Learned a level 3 spell: Static Discharge
  1972 | D:2      | Reached XP level 4. HP: 25/33 MP: 2/7
  2061 | D:2      | Reached skill level 5 in Air Magic
  3068 | D:3      | Gained mutation: You can spit poison. [potion of beneficial mutation]
  3069 | D:3      | Gained mutation: You have supernaturally acute eyesight. [potion of beneficial mutation]
  3152 | D:3      | Found a basalt altar of Yredelemnul.
  3709 | D:3      | Reached XP level 5. HP: 38/38 MP: 3/9
  4275 | D:4      | Noticed an ogre
  4290 | D:4      | Killed an ogre
  4290 | D:4      | Reached XP level 6. HP: 45/45 MP: 6/10
  4446 | D:4      | Noticed aori's ghost (average HEWz)
  4616 | D:4      | Found a staircase to the Ecumenical Temple.
  4618 | D:4      | Noticed an ogre
  4623 | D:4      | Killed an ogre
  4623 | D:4      | Reached skill level 5 in Conjurations
  4677 | Temple   | Entered the Ecumenical Temple
  4764 | D:4      | Noticed an ogre
  4768 | D:4      | Killed an ogre
  4889 | D:4      | Reached skill level 6 in Air Magic
  4889 | D:4      | Your scales start taking on a weird mottled pattern.
  4889 | D:4      | Reached XP level 7. HP: 50/50 MP: 9/12
  5259 | D:4      | Reached skill level 7 in Air Magic
  5377 | D:5      | Entered Level 5 of the Dungeon
  5904 | D:5      | Noticed Grinder
  6002 | D:5      | Paralysed by Grinder for 3 turns
  6006 | D:5      | Found a glowing drain.
  6015 | Sewer    | Entered a sewer
  6266 | Sewer    | Noticed Purgy
  6272 | Sewer    | Killed Purgy
  6272 | Sewer    | Reached XP level 8. HP: 38/57 MP: 8/13
  6511 | D:5      | Killed Grinder
  6699 | D:5      | Found a snail-covered altar of Cheibriados.
  6707 | D:5      | Reached skill level 8 in Conjurations
  6720 | D:5      | Learned a level 5 spell: Lightning Bolt
  7489 | D:6      | Found Cuazxog's Hallowed Reliquary.
  7489 | D:6      | Found a white marble altar of Elyvilon.
  7489 | D:6      | Noticed an angel
  7617 | D:6      | Bought a potion of curing for 42 gold pieces
  7710 | D:6      | Found an ancient bone altar of Kikubaaqudgha.
  7839 | D:6      | Reached skill level 9 in Air Magic
  7956 | D:6      | Reached XP level 9. HP: 29/62 MP: 8/14
  9617 | D:7      | Reached skill level 10 in Conjurations
 10175 | D:8      | Reached skill level 11 in Conjurations
 10748 | D:8      | Found a staircase to the Lair.
 10764 | D:8      | Found a deep blue altar of Sif Muna.
 11036 | D:8      | Reached XP level 10. HP: 69/69 MP: 11/16
 11233 | D:8      | Noticed Duvessa
 11233 | D:8      | Noticed Dowan
 11234 | D:8      | Killed Dowan
 11363 | D:8      | Killed Duvessa
 11363 | D:8      | Reached skill level 10 in Air Magic
 12574 | D:9      | Found Chiodwomp's Food Shop.
 13005 | D:9      | Found Buaxutt's Antique Weapon Boutique.
 13014 | D:9      | Bought a bloodstained flail for 221 gold pieces
 13014 | D:9      | Identified the +11 flail "Penima" {pain, +Fly rPois Stlth+} (You bought it in a shop on level 9 of the Dungeon)
 13030 | D:9      | Gained mutation: You occasionally shout uncontrollably at your foes. [mutagenic meat]
 13123 | D:9      | Found a sparkling altar of Nemelex Xobeh.
 13190 | D:9      | Slain by a wolf

Action                   |  1- 3 |  4- 6 |  7- 9 | 10-12 || total
-------------------------+-------+-------+-------+-------++-------
Melee: Unarmed           |    21 |       |       |       ||    21
       Short sword       |    40 |    29 |    94 |    18 ||   181
       Dagger            |       |       |    41 |       ||    41
       Flail             |       |       |       |     8 ||     8
 Cast: Shock             |    72 |   121 |   393 |   138 ||   724
       Repel Missiles    |     1 |       |     2 |       ||     3
       Static Discharge  |       |       |       |     7 ||     7
       Lightning Bolt    |       |       |       |     3 ||     3
 Abil: Spit Poison       |       |     6 |    18 |     1 ||    25
       Breathe Sticky Fl |       |       |    17 |     8 ||    25
Evoke: Wand              |       |       |       |     1 ||     1
  Use: Potion            |       |     2 |     1 |       ||     3
       Scroll            |       |     3 |     5 |     3 ||    11
 Stab: Sleeping          |       |       |     1 |       ||     1
  Eat: Chunk             |     5 |    11 |    26 |    11 ||    53
       Beef jerky        |       |       |     1 |     1 ||     2
       Royal jelly       |       |       |     1 |       ||     1
